 Dungeon Crawl Stone Soup version 0.27.1-33-g824d729ab1 (webtiles) character file.

Game seed: 17733900289104951730

4 Domzy the Chopper (level 1, 0/20 HPs)
             Began as a Minotaur Berserker on Dec 10, 2021.
             Was a Follower of Trog.
             Killed from afar by a dart slug (3 damage)
             ... with a slug dart
             ... on level 1 of the Dungeon.
             The game lasted 00:01:09 (59 turns).

Domzy the Chopper (Minotaur Berserker)                Turns: 59, Time: 00:01:10

Health: 0/20       AC:  2    Str: 21    XL:     1   Next: 50%
Magic:  0/0        EV: 12    Int:  4    God:    Trog [*.....]
Gold:   0          SH:  0    Dex:  9    Spells: 0/0 levels left

rFire    . . .     SeeInvis .   a - +0 hand axe
rCold    . . .     Faith    .   (no shield)
rNeg     . . .     Spirit   .   b - +0 animal skin
rPois    .         Reflect  .   (helmet restricted)
rElec    .         Harm     .   (no cloak)
rCorr    .         Rampage  .   (no gloves)
Will     .....                  (no boots)
Stlth    +.........             (no amulet)
HPRegen  0.06/turn              (no ring)
MPRegen  0.07/turn              (no ring)

@: no status effects
A: horns 2, retaliatory headbutt
a: Renounce Religion, Berserk


You were on level 1 of the Dungeon.
You worshipped Trog.
Trog was aware of your devotion.
You visited 1 branch of the dungeon, and saw 1 of its levels.

Inventory:

Hand Weapons
 a - a +0 hand axe (weapon)
Armour
 b - a +0 animal skin (worn)
Potions
 c - a potion of heal wounds {unknown}


   Skills:
 + Level 3.7 Fighting
 + Level 3.8 Axes
 + Level 2.4 Armour
 + Level 2.2 Dodging


You couldn't memorise any spells.
You didn't know any spells.
Your spell library was empty.

Dungeon Overview and Level Annotations

Branches:
Dungeon (1/15)

Altars:


Innate Abilities, Weirdness & Mutations

You have a pair of horns on your head.
You reflexively headbutt those who attack you in melee.


Message History

Found 15 bolts.
A bat comes into view.
The bat barely misses you. You furiously retaliate!
You headbutt the bat. The bat hits you but does no damage.
The goblin hits you but does no damage.
The bat moves out of view.
The bat hits you. The goblin closely misses you. The bat completely misses you.
The goblin hits you with a +0 club. The bat hits you but does no damage.
The bat barely misses you. x2
The bat closely misses you. The goblin barely misses you.
The bat barely misses you. x2; The goblin closely misses you.
You furiously retaliate!
You headbutt the goblin.
The bat closely misses you. x2; You furiously retaliate!
You headbutt the bat!
You kill the bat!
Trog accepts your kill. The bat closely misses you. You furiously retaliate!
You headbutt the bat!
You kill the bat!
Trog accepts your kill. The goblin hits you with a +0 club.
The dart slug launches a dart at you. The slug dart hits you.
The goblin barely misses you. The dart slug launches a dart at you.
The slug dart hits you. The goblin hits you with a +0 club.
The goblin barely misses you. The goblin closely misses you.
The dart slug closely misses you. The goblin hits you with a +0 club.
The dart slug launches a dart at you. The slug dart hits you.
* * * LOW HITPOINT WARNING * * *
The goblin hits you with a +0 club.
* * * LOW HITPOINT WARNING * * *
The goblin closely misses you. You furiously retaliate!
You headbutt the goblin!
You kill the goblin!
Trog accepts your kill. The dart slug bites you.
* * * LOW HITPOINT WARNING * * *
The dart slug launches a dart at you. The slug dart hits you.
You die...

####.#####.#
...#....#..
..........#
..........#
..........#
..........# .#
...(.()w.# #.#
#.†@.## #.# ####..#
##.## ##.# #8.8####
########.#
.......####..#..8#.#
.........#.........#
.............#..8###
.............#####
##..........##


You could see a dart slug.

Vanquished Creatures
  2 bats (D:1)
  A goblin (D:1)
3 creatures vanquished.

Notes
Turn   | Place    | Note
-------+----------+-------------------------------------------
     0 | D:1      | Domzy the Minotaur Berserker began the quest for the Orb.
     0 | D:1      | Reached XP level 1. HP: 19/19 MP: 0/0
    59 | D:1      | Killed from afar by a dart slug

Illustrated notes

Levels and vault maps discovered:
D:1:      eino_arrival_cavern_e, layout_rooms,
          ebering_ecumenical_altar_abandoned, palyth_stone_intersect,
          grunt_decor_resistance, st_stairs_12, wad_floor_pattern_2

Action                   || total
-------------------------++-------
Armor: Animal skin       ||     3
Dodge: Dodged            ||    18
